Map: Simulacrum LE

Players

Zest

  • Race: Protoss Protoss
  • League: Master
  • Spawn Location: 5:00

AfreecaDRG (DRG) - Winner!

  • Race: Zerg Zerg
  • Spawn Location: 11:00

Event: Shopify TSL 5

VOD

Have the link to the VOD?

Description

Time

  • Played on: May 24, 2020, 10:20 a.m.
  • Length: 11:10

All games in this series

Show
View Real Time Build Order
Export as new Build Order

Zest Protoss 

Build Orders: 1 Gate Expand, Zealot Archon 

Get SALT Encoding   

  12  0:00  Probe  
  13  0:12  Probe  
  14  0:20  Pylon  
  14  0:24  Probe  
  15  0:38  Probe (Chrono Boost)  
  15  0:41  Gateway  
  16  0:48  Probe (Chrono Boost)  
  17  0:50  Assimilator  
  17  0:53  Probe (Chrono Boost)  
  18  1:05  Probe  
  19  1:17  Probe  
  20  1:28  Nexus  
  20  1:37  Cybernetics Core  
  20  1:40  Probe  
  20  1:46  Assimilator  
  21  1:52  Probe  
  22  1:55  Pylon  
  22  2:04  Probe (Chrono Boost)  
  23  2:10  Adept (Chrono Boost)  
  23  2:14  Warp Gate (Chrono Boost)  
  23  2:15  Probe (Chrono Boost)  
  26  2:20  Probe (Chrono Boost)  
  27  2:24  Twilight Council  
  27  2:30  Probe  
  27  2:34  Stalker (Chrono Boost)  
  30  2:40  Probe  
  30  2:42  Probe  
  32  2:52  Probe  
  32  2:53  Robotics Facility  
  33  3:00  Probe  
  33  3:04  Probe  
  35  3:07  Gateway  
  35  3:10  Adept (Chrono Boost)  
  37  3:22  Gateway  
  37  3:25  Shield Battery  
  37  3:28  Pylon  
  35  3:39  Gateway x2  
  35  3:46  Shield Battery  
  35  3:49  Cybernetics Core  
  33  4:00  Pylon  
  33  4:01  Sentry  
  35  4:07  Pylon  
  35  4:25  Gateway  
  35  4:26  Gateway  
  35  4:32  Gateway  
  35  4:34  Sentry, Pylon  
  35  4:35  Sentry  
  39  4:38  Pylon  
  39  4:47  Pylon  
  38  4:52  Pylon  
  38  4:54  Sentry  
  38  4:55  Pylon  
  38  4:59  Probe x2  
  40  5:01  Sentry  
  42  5:08  Charge  
  42  5:11  Probe  
  42  5:13  Robotics Facility  
  43  5:16  Probe (Chrono Boost)  
  43  5:20  Pylon  
  44  5:28  Probe x2 (Chrono Boost)  
  46  5:33  Assimilator  
  46  5:35  Assimilator  
  46  5:37  Probe (Chrono Boost)  
  46  5:38  Probe (Chrono Boost)  
  48  5:43  Probe  
  48  5:48  Probe  
  50  5:50  Templar Archives  
  50  5:55  Probe  
  51  5:58  Warp Prism (Chrono Boost)  
  51  6:00  Probe  
  54  6:05  Pylon  
  54  6:13  Zealot x5  
  64  6:19  Probe x2  
  66  6:32  Probe x2  
  67  6:34  Pylon  
  67  6:38  Pylon  
  67  6:45  High Templar x4  
  75  6:47  Zealot  
  75  6:49  Archon x2  
  75  6:50  Immortal (Chrono Boost)  
  81  6:57  Shield Battery  
  81  7:00  Shield Battery  
  81  7:01  Pylon  
  81  7:29  Immortal (Chrono Boost)  
  85  7:30  Probe x2  
  85  7:32  High Templar x2, Zealot  
  85  7:33  Zealot x2  
  97  7:40  Forge  
  97  7:52  Archon  
  97  7:55  Nexus  
  97  7:56  Zealot  
  99  8:00  Probe  
  99  8:01  Probe  
  99  8:05  Observer (Chrono Boost)  
  102  8:07  Pylon  
  102  8:17  Pylon  
  102  8:21  Protoss Ground Weapons Level 1 (Chrono Boost)  
  102  8:23  Psionic Storm  
  102  8:25  Probe x2  
  104  8:27  Pylon  
  104  8:37  Probe x2  
  104  8:39  Stalker x3  
  112  8:41  High Templar x2  
  116  8:49  Probe x2  
  118  9:07  Probe (Chrono Boost), Photon Cannon  
  118  9:08  Probe (Chrono Boost)  
  121  9:12  Probe (Chrono Boost)  
  121  9:15  Assimilator  
  121  9:16  Assimilator  
  121  9:19  High Templar x3  
  121  9:23  Immortal  
  131  9:28  Shield Battery  
  131  9:30  Shield Battery  
  131  9:33  Shield Battery  
  131  9:38  Zealot x2  
  135  9:40  Shield Battery  
  129  9:57  Zealot x3  
  96  10:11  Immortal (Chrono Boost)  
  96  10:12  Archon x2  
  96  10:13  Zealot x2  
  87  10:20  Zealot x3  
  64  10:34  Pylon  
  60  10:42  Zealot x5  
Show
View Real Time Build Order
Export as new Build Order

AfreecaDRG Zerg - Winner!

Build Orders: Hatch First 

Get SALT Encoding   

  12  0:00  Drone  
  13  0:12  Overlord  
  13  0:16  Drone  
  14  0:30  Drone x2  
  16  0:51  Drone, Hatchery  
  16  0:55  Drone  
  17  0:58  Drone  
  18  1:10  Extractor  
  17  1:14  Spawning Pool  
  17  1:16  Drone  
  17  1:20  Drone  
  18  1:28  Drone  
  19  1:38  Overlord  
  19  2:00  Queen  
  19  2:01  Zergling x4  
  23  2:03  Queen, Zergling x2  
  26  2:10  Metabolic Boost  
  26  2:14  Zergling x2  
  27  2:16  Drone  
  28  2:24  Zergling x4  
  30  2:41  Zergling x2  
  30  2:42  Hatchery  
  30  2:45  Zergling x2  
  30  2:50  Overlord  
  31  2:51  Zergling x2  
  31  2:53  Zergling x2  
  33  3:01  Zergling x2  
  34  3:05  Zergling x2  
  34  3:08  Zergling x2  
  34  3:11  Zergling x6  
  39  3:13  Zergling x2  
  39  3:16  Zergling x2  
  39  3:18  Zergling x2  
  42  3:21  Zergling x2  
  42  3:27  Zergling x2  
  42  3:32  Zergling x4  
  43  3:39  Zergling x2  
  42  3:43  Zergling x2  
  42  3:45  Zergling x2  
  42  3:47  Zergling x2  
  42  3:48  Overlord  
  43  3:55  Zergling x6  
  44  3:58  Zergling x2  
  44  4:00  Zergling x2  
  44  4:02  Zergling x2  
  46  4:08  Drone x2  
  45  4:17  Drone  
  45  4:18  Drone x2  
  45  4:19  Drone  
  48  4:26  Drone  
  48  4:28  Drone  
  48  4:30  Drone x2  
  50  4:32  Drone  
  50  4:36  Drone  
  50  4:40  Drone  
  50  4:43  Drone  
  49  4:46  Drone  
  49  4:48  Drone x3  
  49  4:51  Drone x2  
  52  4:56  Drone x3  
  53  5:00  Queen  
  53  5:04  Drone x2  
  57  5:08  Overlord  
  57  5:13  Roach Warren  
  57  5:14  Overlord  
  56  5:18  Overlord  
  56  5:21  Extractor  
  56  5:22  Extractor, Overlord  
  56  5:25  Overlord  
  56  5:28  Drone x3  
  57  5:33  Drone x3  
  60  5:36  Drone x2  
  60  5:40  Overlord  
  62  5:45  Overlord  
  62  5:46  Zergling x6  
  62  5:49  Overlord  
  65  5:55  Roach x2  
  69  5:58  Roach  
  69  5:59  Roach  
  73  6:04  Spore Crawler  
  73  6:06  Spore Crawler  
  73  6:10  Roach  
  73  6:11  Roach x3  
  79  6:15  Roach x2  
  83  6:18  Overlord  
  83  6:19  Drone x2  
  83  6:24  Zergling x6  
  88  6:28  Zergling x6  
  90  6:35  Ravager x3  
  90  6:37  Overlord  
  90  6:39  Zergling x8  
  97  6:45  Ravager  
  98  6:51  Zergling x14  
  98  6:53  Ravager  
  106  6:58  Drone  
  106  6:59  Drone  
  106  7:01  Drone  
  109  7:03  Drone x3  
  109  7:04  Drone x3  
  111  7:16  Lair  
  111  7:17  Drone x3  
  111  7:22  Drone x5  
  117  7:25  Queen  
  117  7:27  Evolution Chamber  
  114  7:30  Extractor, Drone  
  114  7:32  Extractor, Drone x3  
  114  7:34  Overlord  
  116  7:37  Roach  
  116  7:38  Roach  
  117  7:46  Overlord  
  117  7:48  Roach x3, Extractor  
  119  7:51  Overlord  
  119  7:54  Zerg Missile Weapons Level 1  
  119  8:02  Roach x3  
  124  8:12  Hatchery  
  124  8:13  Glial Reconstitution  
  124  8:18  Roach x6  
  131  8:24  Overseer  
  131  8:32  Roach x7  
  131  8:33  Overseer  
  145  8:42  Roach x4  
  145  8:45  Overlord  
  150  8:49  Roach  
  150  8:50  Overlord  
  150  8:54  Overlord x2  
  152  8:56  Overlord  
  152  9:00  Overlord  
  151  9:05  Ravager x3  
  151  9:07  Overlord x2  
  154  9:13  Roach x4  
  154  9:15  Ravager x2  
  154  9:16  Ravager  
  154  9:17  Ravager  
  166  9:23  Roach x3  
  172  9:27  Roach x2  
  172  9:29  Roach  
  178  9:33  Roach  
  178  9:38  Zergling x8  
  184  9:39  Ravager x2  
  184  9:40  Ravager  
  184  9:43  Roach x2  
  191  9:52  Roach x5  
  175  10:02  Roach  
  175  10:03  Roach x5  
  175  10:06  Roach x2  
  166  10:10  Roach x2  
  148  10:16  Roach x3  
  148  10:19  Roach x2  
  150  10:23  Roach x2  
  150  10:28  Roach x3  
  150  10:31  Zergling x6  
  150  10:32  Zergling x2  
  148  10:36  Zergling x6  
  147  10:44  Zergling x14  
Tags
 
Add a new tag
Caveats
  • Supply blocks, unpowered buildings, or Contaminate may cause inaccurate times.
  • Supply counts are checked every 10 seconds.